 Dungeon Crawl Stone Soup version 0.28-a0-537-g3bccd9ccbf (webtiles) character file.

Game seed: 3816825296903420943

55700 siradein the Fighter (level 14, -5/99 (129) HPs)
             Began as a Hill Orc Fighter on Sept 27, 2021.
             Was the Champion of Okawaru.
             Slain by Rupert (12 damage)
             ... on level 2 of the Orcish Mines on Sept 28, 2021.
             The game lasted 01:25:05 (18007 turns).

siradein the Fighter (Hill Orc Fighter)            Turns: 18007, Time: 01:25:06

HP:   -5/99 (129)   AC: 32    Str: 26    XL:     14   Next: 78%
MP:   14/21         EV: 10    Int: 17    God:    Okawaru [******]
Gold: 1446          SH: 22    Dex: 23    Spells: 13/13 levels left

rFire   + + .      SeeInvis +   v - +8 mace of the Distant Future {elec, rElec rF- Dex+4}
rCold   + . .      Faith    .   r - +0 tower shield
rNeg    . . .      Spirit   .   N - +0 plate armour {rF+}
rPois   .          Reflect  .   T - +2 helmet {Int+3}
rElec   +          Harm     .   C - +1 cloak of Catatonia {Str+2 Dex+7}
rCorr   .          Rampage  .   U - +0 pair of gloves of True Grit {Str+2}
Will    +....                   F - +1 pair of boots "Goitipuv" {rF++}
Stlth   ..........              l - amulet of regeneration
HPRegen 1.26/turn               q - +4 ring of protection
MPRegen 0.17/turn               A - ring "Paiwupre" {rC+ Int+6 SInv Stlth-}

@: heroic, finesse-ful, heavily drained
A: no striking features
a: Renounce Religion, Heroism, Finesse, Duel


You were on level 2 of the Orcish Mines.
You worshipped Okawaru.
Okawaru was exalted by your worship.
You visited 4 branches of the dungeon, and saw 20 of its levels.

You collected 1446 gold pieces.

Inventory:

Hand Weapons
 v - the +8 mace of the Distant Future (weapon) {elec, rElec rF- Dex+4}
   (You found it on level 4 of the Dungeon)

   It occasionally discharges a powerful burst of electricity upon striking a
   foe.
   Dex:       It affects your dexterity (+4).
   rF:        It makes you vulnerable to fire.
   rElec:     It insulates you from electricity.
Missiles
 a - 3 curare-tipped darts (quivered)
 p - 126 poisoned darts
 u - 8 silver javelins
 w - 25 boomerangs
 G - a boomerang of dispersal
 O - 6 atropa-tipped darts
Armour
 r - a +0 tower shield (worn)
 t - a scarf of resistance
 C - the +1 cloak of Catatonia (worn) {Str+2 Dex+7}
   (Okawaru gifted it to you on level 6 of the Lair of Beasts)

   Str:       It affects your strength (+2).
   Dex:       It affects your dexterity (+7).
 F - the +1 pair of boots "Goitipuv" (worn) {rF++}
   (Okawaru gifted it to you on level 2 of the Lair of Beasts)

   rF:        It greatly protects you from fire.
 N - a +0 plate armour of fire resistance (worn)
 T - a +2 helmet of intelligence (worn)
 U - the +0 pair of gloves of True Grit (worn) {Str+2}
   (You found it on level 10 of the Dungeon)

   Str:       It affects your strength (+2).
Jewellery
 l - an amulet of regeneration (around neck)
 q - a +4 ring of protection (left hand)
 A - the ring "Paiwupre" (right hand) {rC+ Int+6 SInv Stlth-}
   (You found it on level 6 of the Lair of Beasts)

   [ring of protection from cold]

   Int:       It affects your intelligence (+6).
   rC:        It protects you from cold.
   SInv:      It lets you see invisible.
   Stlth:     It makes you less stealthy.
 D - a ring of willpower
 K - an amulet of faith
 P - a ring of protection from cold
 S - a +4 ring of evasion
Wands
 E - a wand of flame (28)
 H - a wand of iceblast (19)
 V - a wand of polymorph (7)
 X - a wand of acid (9)
 Z - a wand of paralysis (21)
Scrolls
 c - 6 scrolls of immolation
 f - 10 scrolls of teleportation
 i - 2 scrolls of brand weapon
 j - 3 scrolls of fear
 n - a scroll of identify
 s - a scroll of amnesia {unknown}
 x - a scroll of vulnerability
 z - a scroll of silence {unknown}
 B - 5 scrolls of enchant weapon
 I - 4 scrolls of fog
 Q - a scroll of acquirement {unknown}
Potions
 b - 4 potions of attraction
 d - 3 potions of might
 e - 7 potions of curing
 g - 3 potions of mutation
 h - 6 potions of lignification
 k - 5 potions of brilliance
 m - 2 potions of heal wounds
 o - a potion of berserk rage
 J - 2 potions of haste
 L - 5 potions of ambrosia
 M - 2 potions of cancellation
 R - 2 potions of degeneration {unknown}
Miscellaneous
 Y - a phial of floods


   Skills:
 + Level 13.2(18.2) Fighting
 - Level 4.6(9.6) Long Blades
 + Level 11.0(16.0) Maces & Flails
 + Level 9.8(14.8) Throwing
 + Level 12.2(17.2) Armour
 + Level 12.2(17.2) Shields
 + Level 9.9 Invocations
 + Level 6.5 Evocations


You had 13 spell levels left.
You didn't know any spells.
Your spell library contained the following spells:

 Spells                   Type           Power      Damage    Failure   Level
 Frozen Ramparts          Ice            0%         1d2       100%        3
 Portal Projectile        Hex/Tloc       0%         N/A       100%        3
 Ice Form                 Ice/Tmut       0%         N/A       100%        4
 Leda's Liquefaction      Hex/Erth       0%         N/A       100%        4
 Blade Hands              Tmut           0%         N/A       100%        5
 Excruciating Wounds      Necr           0%         N/A       100%        5
 Eringya's Noxious Bog    Tmut/Pois      0%         N/A       100%        6
 Call Canine Familiar     Summ           Unusable   N/A       N/A         3
 Summon Ice Beast         Ice/Summ       Unusable   N/A       N/A         4
 Summon Forest            Summ/Tloc      Unusable   N/A       N/A         5
 Summon Hydra             Summ           Unusable   N/A       N/A         7

Dungeon Overview and Level Annotations

Branches:
Dungeon (11/15)            Temple (1/1) D:6            Lair (6/6) D:9
  Swamp (0/4) Lair:3       Spider (0/4) Lair:4        Slime (0/5) Lair:5
    Orc (2/2) D:11
    Elf: Orc:2

Altars:
Ashenzari
Cheibriados
Dithmenos
Elyvilon
Fedhas
Gozag
Hepliaklqana
Kikubaaqudgha
Makhleb
Nemelex Xobeh
Okawaru
Qazlal
Ru
Sif Muna
Trog
Uskayaw
Vehumet
Wu Jian
Xom
Yredelemnul
Zin
The Shining One

Annotations:
Orc:2 Rupert


Message History

Rupert roars madly and goes into a rage!
Rupert goes berserk!
Rupert struggles against the net.
You bludgeon Rupert!!
Rupert is severely wounded.
Rupert struggles against the net.
You hit Rupert.
Rupert is severely wounded.
Rupert struggles against the net.
The net rips apart, and Rupert comes free!
Rupert hits you with a +5 great mace of draining!
You feel drained.
You closely miss Rupert.
Rupert is severely wounded.
You block Rupert's attack.
Rupert hits you with a +5 great mace of draining.
You feel drained.
You barely miss Rupert.
Rupert is heavily wounded.
Rupert hits you with a +5 great mace of draining!!!
You feel drained.
You sock Rupert! Lightning courses through Rupert!
Rupert is severely wounded.
You block Rupert's attack. x2
You gain the combat prowess of a mighty hero.
You block Rupert's attack.
You can now deal lightning-fast blows.
Rupert hits you with a +5 great mace of draining!
You feel drained. You block Rupert's attack.
You barely miss Rupert.
Rupert is severely wounded.
Rupert hits you with a +5 great mace of draining!!
* * * LOW HITPOINT WARNING * * *
You feel drained.
* * * LOW HITPOINT WARNING * * *
Unknown command.
You feel much better. You block Rupert's attack.
Rupert hits you with a +5 great mace of draining!!
* * * LOW HITPOINT WARNING * * *
You feel drained.
You die...

...........
.....$... .. #.#
....... ..##..#
..... .#...# ...
....# #o# ....##
#o# .....## #@# #
......#
###@###+#####.#
#.....#
#.....).......#
.....#
#.##'##....####
.....#
######.#...#....#
.....# +..
...#.[.#.)..+
.....# #.#
##.#####.####
.....####.#
#..........#
......8##.+
#.....####.#
.......'..#
#..⌠..# ..


You could see Rupert (berserk), an orc wizard (invisible) and an orc.

Vanquished Creatures
  Gastronok (Lair:2)
  The ghost of Peamost the Slicer, a journeyman VSFi of Uskayaw (Lair:2)
  Snorg (D:10)
  The ghost of Buqosi the Gelid, a journeyman BaIE of Vehumet (Lair:5)
  2 boulder beetles
  A centaur warrior (D:11)
  6 hydras
  5 two-headed ogres
  5 death yaks (Lair:5)
  Urug (D:10)
  Nergalle (Orc:1)
  A wolf spider (Lair:5)
  A deep elf pyromancer (D:11)
  7 black mambas
  An elephant (Lair:6)
  2 torpor snails
  19 cane toads
  11 komodo dragons
  3 rime drakes
  3 polar bears
  3 trolls
  A merfolk (D:11)
  Prince Ribbit (D:8)
  2 slime creatures (Lair:5)
  Grinder (D:4)
  17 blink frogs
  4 dream sheep (Lair:6)
  4 tyrant leeches
  The ghost of Redflawlessmoon the Ruffian, an amateur TrBe of Trog (D:4)
  A wraith (D:11)
  45 yaks
  3 wyverns
  Eustachio (D:6)
  2 basilisks (Lair:3)
  3 steam dragons
  6 vampire mosquitoes
  2 wargs
  2 acid dragons (D:11)
  12 water moccasins
  19 orc warriors
  2 sky beasts
  2 black bears
  A necrophage (D:6)
  20 wolves
  12 ogres
  A phantom (D:6)
  7 centaurs
  3 kobold brigands
  2 gnoll sergeants
  17 bullfrogs
  3 scorpions
  A wyvern zombie (D:6)
  10 killer bees
  5 electric eels
  3 centaur zombies
  9 howler monkeys
  A bullfrog zombie (D:5)
  A gnoll shaman (D:7)
  5 jellies
  10 orc priests
  Crazy Yiuf (D:4)
  A bullfrog skeleton (D:5)
  A centaur skeleton (D:6)
  An iguana (D:5)
  12 orc wizards
  A statue (D:3)
  A killer bee zombie (D:6)
  A hound zombie (D:5)
  15 gnolls
  5 howler monkey zombies
  A howler monkey skeleton (D:7)
  11 adders
  2 white imps
  An ufetubus (D:6)
  A worm (D:4)
  63 orcs
  7 ball pythons
  5 bats
  5 endoplasms
  5 giant cockroaches
  5 goblins
  6 hobgoblins
  4 jackals (D:1)
  20 kobolds
  4 quokkas
  3 frilled lizards
  2 rats
502 creatures vanquished.

Vanquished Creatures (others)
  2 orcs (D:8)
  26 fungi
  90 plants
118 creatures vanquished.

Grand Total: 620 creatures vanquished

Notes
Turn   | Place    | Note
-------+----------+-------------------------------------------
     0 | D:1      | siradein the Hill Orc Fighter began the quest for the Orb.
     0 | D:1      | Reached XP level 1. HP: 19/19 MP: 1/1
   145 | D:1      | Reached XP level 2. HP: 27/27 MP: 2/2
   964 | D:2      | Reached skill level 4 in Fighting
   981 | D:2      | Reached XP level 3. HP: 33/33 MP: 3/3
  1306 | D:2      | Reached XP level 4. HP: 40/40 MP: 4/4
  1813 | D:3      | Found an ornate altar of the Wu Jian Council.
  1922 | D:3      | Found a glowing golden altar of the Shining One.
  2091 | D:3      | Found a hazy altar of Hepliaklqana.
  2116 | D:3      | Found a faded altar of an unknown god.
  2294 | D:3      | Found a radiant altar of Vehumet.
  2294 | D:3      | Noticed a charred statue
  2418 | D:4      | Noticed Grinder
  2418 | D:4      | Noticed a centaur
  2477 | D:4      | Noticed a scorpion
  2494 | D:3      | Killed a scorpion
  2495 | D:3      | Reached skill level 1 in Throwing
  2495 | D:3      | Reached XP level 5. HP: 20/47 MP: 5/5
  2578 | D:4      | Found a bloodstained altar of Trog.
  2708 | D:4      | Paralysed by Grinder for 2 turns
  2750 | D:4      | Paralysed by Grinder for 6 turns
  2871 | D:4      | Reached XP level 6. HP: 39/55 MP: 6/6
  2960 | D:4      | Noticed a sky beast
  3000 | D:4      | Killed a sky beast
  3001 | D:4      | Reached skill level 5 in Fighting
  3131 | D:4      | Killed Grinder
  3132 | D:4      | Reached skill level 5 in Armour
  3132 | D:4      | Reached XP level 7. HP: 49/61 MP: 7/7
  3168 | D:4      | Reached skill level 5 in Shields
  3239 | D:5      | Entered Level 5 of the Dungeon
  3482 | D:4      | Found a runed translucent door.
  3484 | D:4      | Identified the +8 mace of the Distant Future {elec, rElec
                  | rF- Dex+4}
  3486 | D:4      | Noticed Crazy Yiuf
  3567 | D:4      | Found a runed translucent door.
  3570 | D:4      | Noticed Redflawlessmoon's ghost (amateur TrBe)
  3816 | D:5      | Reached skill level 6 in Fighting
  3816 | D:5      | Reached skill level 1 in Maces & Flails
  3816 | D:5      | Reached XP level 8. HP: 70/70 MP: 8/8
  4337 | D:4      | Killed Redflawlessmoon's ghost
  4446 | D:4      | Killed Crazy Yiuf
  4609 | D:6      | Found a staircase to the Ecumenical Temple.
  4654 | D:6      | Reached skill level 7 in Fighting
  4677 | Temple   | Entered the Ecumenical Temple
  4701 | D:6      | Reached XP level 9. HP: 56/79 MP: 9/9
  4747 | D:6      | Noticed Eustachio
  4775 | D:6      | Killed Eustachio
  5022 | D:6      | Found a broken altar of Ashenzari.
  5026 | D:6      | Saw a vision of the Swamp and the Spider Nest.
  5026 | D:6      | Noticed a wolf spider
  5026 | D:6      | Noticed an alligator
  5027 | D:6      | Noticed a goliath frog
  5270 | D:6      | Found an iron altar of Okawaru.
  5627 | D:6      | Became a worshipper of Warmaster Okawaru
  6290 | D:7      | Found an ancient bone altar of Kikubaaqudgha.
  6378 | D:7      | Reached skill level 8 in Fighting
  6378 | D:7      | Reached skill level 5 in Throwing
  6949 | D:7      | Reached * piety under Okawaru
  6950 | D:7      | Reached skill level 5 in Maces & Flails
  7043 | D:8      | Reached XP level 10. HP: 76/88 MP: 10/10
  7069 | D:8      | Noticed a two-headed ogre
  7085 | D:8      | Killed a two-headed ogre
  7181 | D:8      | Noticed Prince Ribbit
  7188 | D:8      | Found a white marble altar of Elyvilon.
  7213 | D:8      | Killed Prince Ribbit
  7213 | D:8      | Reached ** piety under Okawaru
  7430 | D:8      | Noticed a boulder beetle
  7520 | D:8      | Killed a boulder beetle
  7520 | D:8      | Reached *** piety under Okawaru
  7521 | D:8      | Reached skill level 9 in Fighting
  7750 | D:9      | Found a blossoming altar of Fedhas.
  7792 | D:9      | Noticed a two-headed ogre
  7828 | D:9      | Killed a two-headed ogre
  7839 | D:9      | Reached **** piety under Okawaru
  8145 | D:9      | Found a staircase to the Lair.
  8178 | D:9      | Reached XP level 11. HP: 96/97 MP: 11/11
  8662 | D:10     | Entered Level 10 of the Dungeon
  9087 | D:10     | Identified the +0 pair of gloves of True Grit {Str+2}
  9210 | D:10     | Noticed Snorg
  9213 | D:10     | Noticed Urug
  9226 | D:10     | Killed Snorg
  9227 | D:10     | Reached skill level 10 in Fighting
  9227 | D:10     | Reached skill level 1 in Invocations
  9244 | D:10     | Killed Urug
  9244 | D:10     | Received a gift from Okawaru
  9576 | D:11     | Noticed a centaur warrior
  9655 | D:11     | Noticed a two-headed ogre
  9658 | D:11     | Killed a centaur warrior
  9658 | D:11     | Reached ***** piety under Okawaru
  9672 | D:11     | Killed a two-headed ogre
  9672 | D:11     | Received a gift from Okawaru
  9744 | D:11     | Noticed a deep elf pyromancer
  9752 | D:11     | Killed a deep elf pyromancer
  9837 | D:11     | Found a staircase to the Orcish Mines.
 10016 | D:11     | Received a gift from Okawaru
 10082 | D:11     | Noticed a two-headed ogre
 10091 | D:11     | Killed a two-headed ogre
 10092 | D:11     | Reached XP level 12. HP: 108/108 MP: 15/15
 10229 | D:11     | Received a gift from Okawaru
 10489 | Lair:1   | Entered Level 1 of the Lair of Beasts
 10548 | Lair:1   | Noticed a seven-headed hydra
 10552 | Lair:1   | Killed a seven-headed hydra
 10557 | Lair:1   | Noticed a six-headed hydra
 10560 | Lair:1   | Reached skill level 10 in Shields
 10573 | Lair:1   | Killed a six-headed hydra
 10573 | Lair:1   | Received a gift from Okawaru
 10574 | Lair:1   | Reached skill level 10 in Armour
 10574 | Lair:1   | Reached skill level 5 in Invocations
 10574 | Lair:1   | Reached skill level 1 in Evocations
 10605 | Lair:1   | Reached skill level 11 in Fighting
 10917 | Lair:1   | Received a gift from Okawaru
 11628 | Lair:2   | Noticed Gastronok
 11652 | Lair:2   | Killed Gastronok
 11789 | Lair:2   | Identified the +1 pair of boots "Goitipuv" {rF++} (Okawaru
                  | gifted it to you on level 2 of the Lair of Beasts)
 11789 | Lair:2   | Received a gift from Okawaru
 12001 | Lair:2   | Found a runed translucent gate.
 12002 | Lair:2   | Found a runed translucent gate.
 12002 | Lair:2   | Found a runed translucent gate.
 12002 | Lair:2   | Noticed Peamost's ghost (journeyman VSFi)
 12297 | Lair:3   | Reached XP level 13. HP: 108/116 MP: 16/18
 12371 | Lair:3   | Found a staircase to the Swamp.
 13598 | Lair:4   | Reached skill level 12 in Fighting
 13692 | Lair:4   | Found a hole to the Spider Nest.
 13953 | Lair:4   | Noticed Sonja
 14280 | Lair:4   | Noticed Sonja
 14280 | Lair:4   | Sonja changed into Sonja the steam dragon
 14283 | Lair:4   | Killed Sonja the steam dragon
 14490 | Lair:5   | Reached skill level 10 in Maces & Flails
 14508 | Lair:5   | Reached ****** piety under Okawaru
 14520 | Lair:5   | Reached skill level 5 in Evocations
 14532 | Lair:5   | Received a gift from Okawaru
 14716 | Lair:5   | Noticed Buqosi's ghost (journeyman BaIE)
 14730 | Lair:5   | Found a transporter.
 14749 | Lair:5   | Found a transporter.
 15133 | Lair:5   | Found a staircase to the Slime Pits.
 15264 | Lair:6   | Entered Level 6 of the Lair of Beasts
 15316 | Lair:5   | Reached XP level 14. HP: 71/127 MP: 20/20
 15895 | Lair:6   | Identified the +1 cloak of Catatonia {Str+2 Dex+7} (Okawaru
                  | gifted it to you on level 6 of the Lair of Beasts)
 15895 | Lair:6   | Received a gift from Okawaru
 16275 | Lair:2   | Killed Peamost's ghost
 16507 | Lair:5   | Reached skill level 13 in Fighting
 16613 | Lair:5   | Killed Buqosi's ghost
 16875 | Lair:6   | Identified the ring "Paiwupre" {rC+ Int+6 SInv Stlth-}
 16987 | Lair:6   | Identified the +2 robe of Eternal Night {rC+ Int+6}
 17248 | Orc:1    | Entered Level 1 of the Orcish Mines
 17249 | Orc:1    | Noticed Nergalle
 17317 | Orc:1    | Killed Nergalle
 17643 | Orc:2    | Entered Level 2 of the Orcish Mines
 17985 | Orc:2    | Noticed Rupert
 18007 | Orc:2    | Slain by Rupert

Illustrated notes

Levels and vault maps discovered:
D:1:      lordsloth_arrival_two_stooges, layout_loops_ring,
          hangedman_abyss_or_decor_lesser_grid, dk_noncrumbling_2
D:2:      layout_basic, minmay_misc_feat_enclosed
D:3:      layout_basic, tso_metal_star, vehumet_statue,
          nicolae_hepliaklqana_hazy_memory, mainiacjoe_overflow_tiny_flanked,
          hellmonk_ecumenical_altar_zigzags
D:4:      layout_rooms, lemuel_round_altar, ebering_ghost_sewer_d, uniq_grinder,
          uniq_crazy_yiuf_cottage
D:5:      layout_rooms, grunt_ministairs_12
D:6:      layout_basic, okawaru_altar_gauntlet_db, grunt_ashenzari_visionary
          [grunt_ashenzari_visionary_swamp, grunt_ashenzari_visionary_spider],
          temple_doors_ab, uniq_eustachio
D:7:      layout_layer_cave, nicolae_kikubaaqudgha_miasma_corner
D:8:      layout_rooms, elyvilon_altar_4, uniq_prince_ribbit1
D:9:      layout_cave_pods, fedhas_bush_and_centaur_altar, david_lair_shrubbed
D:10:     layout_loops_ring, eino_curves_01, hangedman_decor_push, uniq_urug,
          uniq_snorg
D:11:     layout_long_grid, david_orc_1_choice, hangedman_fish_farm
Temple:   nicolae_temple_no_exploring_needed
Lair:1:   layout_chaotic_city, serial_bayou_shore_a, lemuel_fruit_tree,
          grunt_megastairs_1, serial_bayou_shore_b
Lair:2:   layout_chaotic_city, ebering_ghost_rock_garden,
          infiniplex_staircase_pool, grunt_megastairs_2, uniq_gastronok
Lair:3:   layout_hall_layers, minmay_swamp_entry_worms, beast_lair_carwin_9
Lair:4:   layout_loops_ring, dummy_spider_entry, uniq_sonja
Lair:5:   layout_regular_city, minmay_slime_entry_pillars,
          gammafunk_ghost_arena, serial_bayou_shore_b
Lair:6:   minmay_lair_end_frog_pond, layout_regular_city, st_stairs_4
Orc:1:    layout_caves, nicolae_orc_flooded_monolith, uniq_nergalle
Orc:2:    pubby_orc_utopia, uniq_rupert

Skill      XL: |  1  2  3  4  5  6  7  8  9 10 11 12 13 14 |
---------------+-------------------------------------------+-----
Fighting       | 4 5 6 7 8 9 10 11 12 13 | 13.2
Long Blades    | 3 4 |  4.6
Armour         | 4 5 6 7 8 9 10 11 12 | 12.2
Throwing       | 1 2 3 4 5 6 7 8 9 |  9.8
Shields        | 4 5 6 7 8 9 10 11 12 | 12.2
Maces & Flails | 1 3 5 6 8 9 10 11 | 11.0
Invocations    | 4 6 8 9 |  9.9
Evocations     | 3 5 6 |  6.5

Action                   |  1- 3 |  4- 6 |  7- 9 | 10-12 | 13-15 || total
-------------------------+-------+-------+-------+-------+-------++-------
Melee: Long sword        |   114 |   132 |    54 |       |       ||   300
       Mace              |       |       |   215 |   531 |   862 ||  1608
Throw: Stone             |     7 |     6 |    12 |       |       ||    25
       Dart              |       |     9 |       |    11 |    13 ||    33
       Boomerang         |       |       |       |    53 |    85 ||   138
       Throwing net      |       |       |       |       |     1 ||     1
Invok: Heroism           |       |       |       |     1 |     1 ||     2
       Finesse           |       |       |       |       |     1 ||     1
Evoke: Wand              |       |       |       |       |     2 ||     2
  Use: Scroll            |       |       |     8 |     4 |    10 ||    22
       Potion            |       |       |       |       |     1 ||     1
 Stab: Held in net/web   |       |       |       |       |     2 ||     2
Armor: Scale mail        |    61 |    86 |       |       |       ||   147
       Ring mail         |       |     2 |   140 |   131 |       ||   273
       Plate armour      |       |       |       |   156 |   641 ||   797
Dodge: Dodged            |    48 |    63 |   136 |   147 |   158 ||   552
Block: Buckler           |    27 |    31 |    73 |       |       ||   131
       Kite shield       |       |       |    30 |   203 |       ||   233
       Tower shield      |       |       |       |   200 |  1042 ||  1242

Table legend: (Time is in decaauts)
 A = Elapsed time spent in this place.
 B = Non-inter-level travel time spent in this place.
 C = Inter-level travel time spent in this place.
 D = Time resting spent in this place.
 E = Time spent auto-exploring this place.
 F = Levels seen in this place.
 G = Mean time per level.
                   A        B        C        D        E       F      G
               +--------+--------+--------+--------+--------+-----+--------+
         Total |  18483 |  16980 |   1503 |    507 |  11364 |  20 |  924.2 |
       Dungeon |  11097 |  10078 |   1019 |    422 |   7162 |  11 | 1008.8 |
        Temple |      1 |      0 |      1 |      0 |      0 |   1 |    1.0 |
          Lair |   6671 |   6190 |    481 |     85 |   3877 |   6 | 1111.8 |
  Orcish Mines |    713 |    713 |      0 |      0 |    324 |   2 |  356.5 |
               +--------+--------+--------+--------+--------+-----+--------+

Top non-repeatable levels by time:
  Lair:5: 1576 daAuts
     D:7: 1297 daAuts
     D:6: 1256 daAuts
     D:9: 1217 daAuts
     D:4: 1159 daAuts
  Lair:1: 1139 daAuts
  Lair:6: 1100 daAuts
  Lair:3: 1062 daAuts
    D:11: 1062 daAuts
     D:1: 954 daAuts
     D:3: 950 daAuts
  Lair:2: 925 daAuts
  Lair:4: 865 daAuts
     D:2: 864 daAuts
    D:10: 853 daAuts
